 Dungeon Crawl Stone Soup version 0.28-a0-1117-g0bdd5ba030 (webtiles) character file.

Game seed: 4329215284853692501

1792 ducksouse the Skirmisher (level 8, -3/73 HPs)
             Began as a Minotaur Fighter on Dec 11, 2021.
             Was an Initiate of Gozag.
             Slain by a two-headed ogre (6 damage)
             ... on level 6 of the Dungeon.
             The game lasted 00:21:20 (5726 turns).

ducksouse the Skirmisher (Minotaur Fighter)         Turns: 5726, Time: 00:21:27

Health: -3/73      AC: 14    Str: 23    XL:     8   Next: 82%
Magic:  7/7        EV: 10    Int:  5    God:    Gozag
Gold:   521        SH:  5    Dex: 10    Spells: 7/7 levels left

rFire   . . .      SeeInvis .   D - +2 spear (venom)
rCold   + . .      Faith    .   (no shield)
rNeg    . . .      Spirit   .   w - +7 Kryia's mail coat {PotionHeal*2 rC+}
rPois   +          Reflect  +   (helmet restricted)
rElec   .          Harm     .   (no cloak)
rCorr   .          Rampage  .   (no gloves)
Will    .....                   (no boots)
Stlth   ..........              z - amulet of reflection
HPRegen 0.22/turn               e - ring of poison resistance
MPRegen 0.10/turn               (no ring)

@: hasted, very quick
A: horns 2, retaliatory headbutt
a: Renounce Religion, Potion Petition, Call Merchant, Bribe Branch


You were on level 6 of the Dungeon.
You worshipped Gozag.
Gozag was pleased with you.
You visited 1 branch of the dungeon, and saw 6 of its levels.

You collected 1035 gold pieces.
You spent 215 gold pieces at shops.
You paid 299 gold pieces to Gozag.

Inventory:

Hand Weapons
 a - a +0 long sword
 b - a +3 short sword
 g - a +4 short sword
 l - a +0 shortbow
 D - a +2 spear of venom (weapon)
Missiles
 x - 92 arrows
 A - 3 throwing nets
Armour
 c - a +0 buckler
 d - a +0 plate armour
 q - a +2 robe of cold resistance
 u - a +2 chain mail of willpower
 w - the +7 Kryia's mail coat (worn) {PotionHeal*2 rC+}
   (You found it on level 5 of the Dungeon)

   Potions are twice as effective at healing its wearer.
   rC:        It protects you from cold.
Magical Staves
 C - a staff of air
Jewellery
 e - a ring of poison resistance (left hand)
 z - an amulet of reflection (around neck)
Scrolls
 f - a scroll of immolation {unknown}
 h - a scroll of fog {unknown}
 i - a scroll of torment {unknown}
 k - a scroll of enchant armour {unknown}
 r - 2 scrolls of noise
 t - 2 scrolls of fear {unknown}
 y - 2 scrolls of amnesia {unknown}
 B - a scroll of identify
Potions
 m - a potion of degeneration {unknown}
 n - 2 potions of attraction
 o - 2 potions of haste
 p - a potion of ambrosia
 s - a potion of brilliance {unknown}


   Skills:
 + Level 7.2 Fighting
 + Level 3.9(5.5) Short Blades
 + Level 6.5(7.1) Long Blades
 + Level 2.7 Throwing
 + Level 7.1 Armour
 + Level 7.1 Shields


You had 7 spell levels left.
You didn't know any spells.
Your spell library contained the following spells:

 Spells                   Type           Power      Damage    Failure   Level
 Gell's Gravitas          Tloc           0%         N/A       98%         3
 Teleport Other           Tloc           0%         N/A       98%         3
 Dispersal                Tloc           0%         N/A       100%        6


Dungeon Overview and Level Annotations

Branches:
Dungeon (6/15)
 Temple: D:4-7

Altars:
Gozag
Uskayaw
Wu Jian

Shops:
D:5 [

Annotations:
D:6 Pikel


Innate Abilities, Weirdness & Mutations

You have a pair of horns on your head.
You reflexively headbutt those who attack you in melee.


Message History

Something tries to affect you, but you resist.
The lemure hits you.
You hit Pikel.
Pikel is poisoned.
Your headbutt misses Pikel.
Pikel is lightly wounded.
Pikel closely misses you. The lemure closely misses you.
Pikel says, "I touched Geryon's horn once."
You hit Pikel.
Pikel is moderately wounded.
Pikel misses you. You block the lemure's attack.
You puncture Pikel!
Pikel looks as sick as possible!
Your headbutt misses Pikel.
Pikel is heavily wounded.
Pikel drinks a potion.
Pikel is healed!
You barely miss Pikel. The lemure hits you but does no damage.
Pikel hits you but does no damage. The lemure hits you.
You closely miss Pikel.
Pikel is lightly wounded.
The lemure looks more healthy.
The lemure closely misses you.
Pikel hits you with a +1 whip of freezing.
The lemure closely misses you. You furiously retaliate!
You headbutt the lemure. The lemure barely misses you.
You barely miss the lemure.
The lemure is lightly wounded.
Pikel cracks his whip.
Pikel hits you with a +1 whip of freezing.
You block the lemure's attack. The lemure hits you but does no damage.
Found 17 sling bullets.
The two-headed ogre hits you with a +0 giant club!
* * * LOW HITPOINT WARNING * * *
The two-headed ogre hits you with a +0 giant spiked club!
* * * LOW HITPOINT WARNING * * *
It was a potion of haste.
You feel yourself speed up. The lemure hits you.
* * * LOW HITPOINT WARNING * * *
The two-headed ogre hits you with a +0 giant club.
* * * LOW HITPOINT WARNING * * *
The two-headed ogre hits you with a +0 giant spiked club.
You die...
Your body crumbles into a pile of gold.

........# .#.......... .......##
.. . ####........... ......## #
#. .#.............. ......# ..#.(
...(..##....... ..##... .....
#..>.###...... ..####.. ......
#....###5>.... ....#
##....######...##VO(...# .......
#......#555.....#....(##
..#.#..###......@K.O.##..........
..####...........O....#.{........
...##...........##...##..........
...........)....##..###.......##.
.>............#######......#..# #
..##.........###........#......#
..#...........#........##.......#
..........#..##..#...#####.#.#..#
......#...#..##..#...# ########


You could see 2 two-headed ogres, Pikel (very poisoned), 2 lemures and a shadow
imp.

Vanquished Creatures
  Grinder (D:3)
  Sigmund (D:2)
  Menkaure (D:5)
  Duvessa (D:5)
  An ice beast (D:5)
  A black bear (D:4)
  A centaur (D:6)
  A phantom (D:6)
  2 lemures (D:6)
  A gnoll sergeant (D:6)
  2 scorpions
  Dowan (D:5)
  A jelly (D:5)
  2 orc priests
  2 hounds (D:5)
  A centaur skeleton (D:6)
  4 iguanas
  Terence (D:3)
  3 orc wizards
  2 hound skeletons
  4 gnolls (D:6)
  10 adders
  2 white imps
  A worm (D:2)
  8 dart slugs
  13 orcs
  7 ball pythons
  3 bats
  5 endoplasms
  5 giant cockroaches
  4 hobgoblins
  5 quokkas
  4 frilled lizards
  6 goblins
  5 kobolds
  7 rats
119 creatures vanquished.

Vanquished Creatures (others)
  3 plants
3 creatures vanquished.

Grand Total: 122 creatures vanquished

Notes
Turn   | Place    | Note
-------+----------+-------------------------------------------
     0 | D:1      | ducksouse the Minotaur Fighter began the quest for the Orb.
     0 | D:1      | Reached XP level 1. HP: 19/19 MP: 0/0
   290 | D:1      | Reached XP level 2. HP: 27/27 MP: 1/1
   298 | D:1      | Found a faded altar of an unknown god.
   355 | D:1      | Prayed at the altar of an unknown god.
   355 | D:1      | Became a worshipper of Gozag Ym Sagoz the Greedy
   786 | D:2      | Reached XP level 3. HP: 27/33 MP: 2/2
  1401 | D:2      | Reached XP level 4. HP: 32/41 MP: 3/3
  1687 | D:2      | Noticed Sigmund
  1697 | D:2      | Killed Sigmund
  1698 | D:2      | Reached skill level 5 in Fighting
  1698 | D:2      | Reached skill level 5 in Armour
  1698 | D:2      | Reached skill level 5 in Shields
  1698 | D:2      | Reached XP level 5. HP: 34/48 MP: 4/4
  1916 | D:3      | Noticed Grinder
  1925 | D:3      | Paralysed by Grinder for 3 turns
  1929 | D:3      | Paralysed by Grinder for 7 turns
  1945 | D:3      | Paralysed by Grinder for 3 turns
  1953 | D:3      | Killed Grinder
  1954 | D:3      | Reached XP level 6. HP: 38/56 MP: 5/5
  2296 | D:3      | Noticed Terence
  2306 | D:3      | Killed Terence
  2307 | D:3      | Reached XP level 7. HP: 58/62 MP: 6/6
  2820 | D:4      | Reached skill level 1 in Short Blades
  2820 | D:4      | Reached skill level 5 in Long Blades
  3807 | D:5      | Entered Level 5 of the Dungeon
  3807 | D:5      | Found Saedutsu's Armour Boutique.
  3828 | D:5      | Bought a +2 chain mail of willpower for 215 gold pieces
  3871 | D:5      | Found an ornate altar of the Wu Jian Council.
  3872 | D:5      | Noticed Duvessa
  3874 | D:5      | Noticed Dowan
  3884 | D:5      | Reached skill level 1 in Throwing
  3893 | D:5      | Killed Duvessa
  3894 | D:5      | Reached XP level 8. HP: 45/71 MP: 7/7
  3919 | D:5      | Killed Dowan
  3922 | D:5      | Found a hide-covered altar of Uskayaw.
  4174 | D:5      | Noticed Menkaure
  4179 | D:5      | Killed Menkaure
  4230 | D:5      | Found the +7 Kryia's mail coat {PotionHeal*2 rC+}
  5684 | D:6      | Noticed a two-headed ogre
  5684 | D:6      | Noticed Pikel
  5704 | D:6      | Noticed a two-headed ogre
  5726 | D:6      | HP: 3/73 [two-headed ogre (2)]
  5726 | D:6      | Slain by a two-headed ogre

Illustrated notes

Levels and vault maps discovered:
D:1:      minmay_arrival_arboretum_small, layout_loops_ring,
          shapermc_ecumenical_altar_totnotflames
D:2:      layout_basic, minmay_tripent, uniq_sigmund
D:3:      layout_basic, chequers_big_river, minmay_crystal_water,
          minmay_misc_feat_cross, uniq_grinder, uniq_terence
D:4:      cheibrodos_old_hovel, layout_basic
D:5:      layout_loops_ring, mainiacjoe_overflow_large_starburst, serial_shops,
          nicolae_stop_n_shop_2, uniq_menkaure, uniq_duvessa
D:6:      layout_cave_pools, gup_sewer_entry_spiral, minmay_manual_mail,
          uniq_pikel

Skill      XL: |  1  2  3  4  5  6  7  8 |
---------------+-------------------------+-----
Armour         | 4 5 6 7 |  7.1
Fighting       | 4 5 6 7 |  7.2
Long Blades    | 3 4 5 6 |  6.5
Shields        | 4 5 6 7 |  7.1
Short Blades   | 2 3 |  3.9
Throwing       | 1 2 |  2.7

Action                   |  1- 3 |  4- 6 |  7- 9 || total
-------------------------+-------+-------+-------++-------
Melee: Short sword       |    80 |    59 |   191 ||   330
       Long sword        |     4 |       |       ||     4
       Headbutt          |     8 |     8 |    36 ||    52
       Spear             |       |       |    18 ||    18
 Fire: Shortbow          |       |       |     5 ||     5
Throw: Boomerang         |       |       |    19 ||    19
Invok: Potion Petition   |       |       |     1 ||     1
Evoke: Wand              |       |       |     4 ||     4
  Use: Potion            |       |     2 |     4 ||     6
       Scroll            |       |     2 |     2 ||     4
Armor: Chain mail        |    50 |    27 |    16 ||    93
       Plate armour      |       |     4 |    71 ||    75
       Scale mail        |       |       |    58 ||    58
Dodge: Dodged            |    20 |    20 |    87 ||   127
Block: Buckler           |    11 |    17 |    76 ||   104
       Other             |       |       |    14 ||    14
       Reflection        |       |       |     2 ||     2

Table legend: (Time is in decaauts)
 A = Elapsed time spent in this place.
 B = Non-inter-level travel time spent in this place.
 C = Inter-level travel time spent in this place.
 D = Time resting spent in this place.
 E = Time spent auto-exploring this place.
 F = Levels seen in this place.
 G = Mean time per level.
                   A        B        C        D        E       F      G
               +--------+--------+--------+--------+--------+-----+--------+
         Total |   5746 |   5746 |      0 |    430 |   2960 |   6 |  957.7 |
       Dungeon |   5746 |   5746 |      0 |    430 |   2960 |   6 |  957.7 |
               +--------+--------+--------+--------+--------+-----+--------+

Top non-repeatable levels by time:
     D:5: 1378 daAuts
     D:2: 1118 daAuts
     D:4: 1006 daAuts
     D:3: 982 daAuts
     D:1: 733 daAuts
     D:6: 527 daAuts
